 Dungeon Sprint DCSS version 0.26-a0-662-g8b9c6dab81 (webtiles) character file.

Game seed: 1013310335866478774

44054 mhtbhm the Archmage (level 13, -4/65 HPs)
             Began as a Deep Elf Earth Elementalist on Oct 10, 2020.
             Was the Champion of Vehumet.
             Killed by the air
             ... invoked by Gastronok
              (23 damage)
             ... in the Dungeon (Sprint III: "The Ten Rune Challenge").
             The game lasted 00:29:50 (5230 turns).

mhtbhm the Archmage (Deep Elf Earth Elementalist)   Turns: 5230, Time: 00:29:51

Health: -4/65      AC:  7    Str:  7    XL:     13   Next: 23%
Magic:  13/46      EV: 16    Int: 26    God:    Vehumet [******]
Gold:   108        SH:  0    Dex: 15    Spells: 20/66 levels left

rFire    . . .     SeeInvis .   (no weapon)
rCold    . . .     Faith    .   (no shield)
rNeg     . . .     Spirit   .   c - +0 robe {MR+}
rPois    .         Reflect  .   (no helmet)
rElec    .         Harm     .   (no cloak)
rCorr    .         Rampage  .   (no gloves)
MR       ++...     NoTele   +   g - +0 pair of boots {Stlth+}
Stlth    ++++......             (no amulet)
HPRegen  0.20/turn              s - ring of wizardry
MPRegen  0.30/turn              (no ring)

@: no status effects
A: iridescent scales 1, slimy green scales 1, strong 1
}: 1/10 runes: serpentine
a: Renounce Religion


You were in the Dungeon.
You worshipped Vehumet.
Vehumet was exalted by your worship.
You visited 1 branch You collected 1631 gold pieces.
You spent 1523 gold pieces at shops.

Inventory:

Missiles
 b - 3 stones (quivered)
 e - 7 curare-tipped darts
 q - a throwing net
 r - 4 silver javelins
Armour
 c - a +0 robe of magic resistance (worn)
 d - the +1 pair of gloves "Cump" {Regen+}
   (You bought it in a shop in the Dungeon)

   It increases your rate of regeneration.
 g - a +0 pair of boots of stealth (worn)
Jewellery
 s - a ring of wizardry (left hand)
Wands
 o - a wand of random effects (17)
Scrolls
 a - a scroll of torment
 i - 3 scrolls of fog
 j - 4 scrolls of identify
 k - 2 scrolls of remove curse
 m - a scroll of immolation
 v - a scroll of magic mapping
Potions
 f - a potion of haste
 h - 3 potions of berserk rage
 l - 3 potions of flight
 n - 2 potions of mutation
 u - a potion of heal wounds
Miscellaneous
 p - a lightning rod (4/4)
 t - a tin of tremorstones (3/3)


   Skills:
 + Level 1.3 Fighting
 + Level 6.8 Dodging
 + Level 5.6 Stealth
 O Level 27 Spellcasting
 + Level 4.9 Conjurations
 + Level 2.4 Transmutations
 + Level 1.2 Air Magic
 + Level 24.3 Earth Magic
 + Level 0.8 Poison Magic
 + Level 3.5 Evocations


You had 20 spell levels left.
You knew the following spells:

 Your Spells              Type           Power        Failure   Level
a - Sandblast             Erth           ######       0%          1
b - Passwall              Tmut/Erth      #######.     0%          2
c - Stone Arrow           Conj/Erth      ######       0%          3
d - Lee's Rapid Deconstr  Erth           ########..   0%          5
e - Petrify               Tmut/Erth      #######.     1%          4
f - Mephitic Cloud        Conj/Pois/Air  #####...     1%          3
g - Fireball              Conj/Fire      #####.....   1%          5
h - Iron Shot             Conj/Erth      #######...   1%          6
i - Lehudib's Crystal Sp  Conj/Erth      #######...   1%          8
j - Fire Storm            Conj/Fire      #####.....   100%        9

Your spell library contained the following spells:

 Spells                   Type           Power        Failure   Level
 Tornado                  Air            #####.....   100%        9
 Magic Dart               Conj           ####         1%          1
 Blink                    Tloc           N/A          1%          2
 Call Imp                 Summ           #####...     1%          2
 Slow                     Hex            #####...     1%          2
 Confusing Touch          Hex            #####...     1%          3
 Conjure Flame            Conj/Fire      #####...     1%          3
 Gell's Gravitas          Tloc           #####.....   1%          3
 Yara's Violent Unravell  Hex/Tmut       #####.....   1%          5
 Metabolic Englaciation   Hex/Ice        #####.....   9%          5


Dungeon Overview and Level Annotations

Branches:
Dungeon (1/1)

Altars:
Cheibriados
Dithmenos
Elyvilon
Fedhas
Gozag
Hepliaklqana
Kikubaaqudgha
Makhleb
Nemelex Xobeh
Okawaru
Qazlal
Ru
Sif Muna
Trog
Uskayaw
Vehumet
Wu Jian
Xom
Yredelemnul
Zin
The Shining One
Beogh
Jiyva
Lugonu

Shops:
D (?=[??=:}![([[*

Annotations:
D Gastronok


Innate Abilities, Weirdness & Mutations

You are partially covered in iridescent scales. (AC +2)
You are partially covered in slimy green scales. (AC +2)
Your muscles are strong. (Str +2)


Message History

The dire elephant is heavily wounded.
The blast of rock fragments hits the dire elephant!
The dire elephant is almost dead.
The dire elephant tramples you!
* * * LOW HITPOINT WARNING * * *
You stumble backwards!
Unknown command.
Unknown command.
Casting: Lee's Rapid Deconstruction (safe; 0% risk of failure)
Confirm with . or Enter, or press ? or * to list all spells.
Press: ? - help, Dir - move target cursor A rock wall.
The wall shatters!
The blast of rock fragments hits the dire elephant!!
The dire elephant is severely wounded.
The blast of rock fragments hits the dire elephant but does no damage.
The dire elephant is almost dead.
Gastronok waves his eye-stalks in wide circles.
The air twists around and strikes you!!
You die...

#).# #..#####....#___#__'
▓▓▓▓▓▓▓▓▓▓▓▓▓▓▓▓▓▓▓▓▓▓▓▓▓
▓...+≈≈≈≈.≈.≈≈♣♣.....♣♣♣♣
▓..P#≈≈≈§§§≈.≈♣♣.≈≈≈≈'♣♣'
▓..P#≈≈≈§§§§.≈≈'.....#.≈♣
▓..P#≈≈≈§§§≈≈≈♣♣♣♣♣♣♣#..♣
.Y=#≈≈≈§≈≈≈≈≈♣ ###'
▓##w####Y#######♣ ♣♣♣♣.
▓......Y@.).....♣♣ ♣...#
▓#+#############'♣ ♣♣.##
.JJ#≈P..........♣ ♣..#
▓J.J+≈≈...########♣♣ ♣♣.#
▓...#≈≈≈.........PP♣ ♣♣.#
▓...#≈≈≈≈...PP.....♣ ♣...
#+#############'#########
#.......... #.........÷


You could see Gastronok and 2 dire elephants.

Vanquished Creatures
  Rupert (D)
  Dowan (D)
  A nagaraja (D)
  A deep elf demonologist (D)
  2 deep elf annihilators (D)
  2 deep elf high priests (D)
  Erolcha (D)
  2 anacondas (D)
  A naga warrior (D)
  4 death yaks (D)
  5 orc high priests (D)
  Urug (D)
  A deep elf knight (D)
  An orc knight (D)
  An orange crystal statue (D)
  A lindwurm (D)
  6 deep elf magi (D)
  4 crystal guardians (D)
  An orc sorcerer (D)
  5 black mambas (D)
  A guardian serpent (D)
  Duvessa (D)
  2 cane toads (D)
  A komodo dragon (D)
  A rime drake (D)
  3 wandering mushrooms (D)
  2 tyrant leeches (D)
  8 blink frogs (D)
  5 redbacks (D)
  A shadow (D)
  2 nagas (D)
  A spatial vortex (D)
  4 water moccasins (D)
  A swamp drake (D)
  A necrophage (D)
  5 two-headed ogres (D)
  A water elemental (D)
  A jelly (D)
  2 orc priests (D)
  3 orc wizards (D)
  A wizard (D)
  A necromancer (D)
  A kobold demonologist (D)
  3 humans (D)
  A wolf (D)
  4 adders (D)
  An ooze (D)
  10 orcs (D)
  3 rats (D)
113 creatures vanquished.

Vanquished Creatures (others)
  17 plants (D)
17 creatures vanquished.

Grand Total: 130 creatures vanquished

Notes
Turn   | Place    | Note
-------+----------+-------------------------------------------
     0 | D        | mhtbhm the Deep Elf Earth Elementalist began the quest for
                  | the Orb.
     0 | D        | Reached XP level 1. HP: 10/10 MP: 6/6
    90 | D        | Noticed a wolf
    95 | D        | Killed a wolf
    95 | D        | Reached skill level 4 in Spellcasting
    95 | D        | Reached skill level 5 in Earth Magic
    95 | D        | Reached XP level 2. HP: 15/15 MP: 2/9
   110 | D        | Reached skill level 5 in Spellcasting
   110 | D        | Reached XP level 3. HP: 17/19 MP: 0/11
   219 | D        | Noticed a water elemental
   223 | D        | Killed a water elemental
   223 | D        | Reached skill level 7 in Spellcasting
   223 | D        | Reached XP level 4. HP: 19/24 MP: 9/15
   283 | D        | Gained mutation: You are dopey. (Int -2) [potion of
                  | mutation]
   283 | D        | Gained mutation: You are partially covered in iridescent
                  | scales. (AC +2) [potion of mutation]
   283 | D        | Gained mutation: Armour fits poorly on your strangely
                  | shaped body. [potion of mutation]
   283 | D        | Gained mutation: Your natural rate of healing is unusually
                  | fast. [potion of mutation]
   284 | D        | Lost mutation: You are dopey. (Int -2) [potion of mutation]
   284 | D        | Lost mutation: Armour fits poorly on your strangely shaped
                  | body. [potion of mutation]
   284 | D        | Lost mutation: Your natural rate of healing is unusually
                  | fast. [potion of mutation]
   284 | D        | Gained mutation: Your muscles are strong. (Str +2) [potion
                  | of mutation]
   284 | D        | Gained mutation: You are partially covered in slimy green
                  | scales. (AC +2) [potion of mutation]
   293 | D        | Learned a level 2 spell: Passwall
   297 | D        | Learned a level 3 spell: Stone Arrow
   302 | D        | Found a radiant altar of Vehumet.
   302 | D        | Found a shimmering blue altar of Sif Muna.
   302 | D        | Found an ancient bone altar of Kikubaaqudgha.
   302 | D        | Noticed a wizard
   304 | D        | Killed a wizard
   307 | D        | Reached skill level 8 in Spellcasting
   307 | D        | Reached XP level 5. HP: 24/28 MP: 10/17
   319 | D        | Became a worshipper of Vehumet
   364 | D        | Learned a level 5 spell: Lee's Rapid Deconstruction
   365 | D        | Found a glowing silver altar of Zin.
   365 | D        | Found a glowing golden altar of the Shining One.
   365 | D        | Found a white marble altar of Elyvilon.
   365 | D        | Noticed a deep elf mage
   374 | D        | Noticed a fire elemental
   376 | D        | Killed a deep elf mage
   376 | D        | Reached skill level 5 in Stealth
   376 | D        | Reached skill level 12 in Spellcasting
   376 | D        | Reached XP level 6. HP: 25/32 MP: 1/23
   376 | D        | Reached XP level 7. HP: 28/36 MP: 1/24
   382 | D        | Learned a level 4 spell: Petrify
   495 | D        | Found a hide-covered altar of Uskayaw.
   495 | D        | Found a roughly hewn altar of Beogh.
   495 | D        | Found an iron altar of Okawaru.
   495 | D        | Found a bloodstained altar of Trog.
   495 | D        | Found an ornate altar of the Wu Jian Council.
   495 | D        | Noticed a human
   496 | D        | Noticed a human
   500 | D        | Killed a human
   500 | D        | Reached skill level 13 in Spellcasting
   501 | D        | Killed a human
   501 | D        | Reached * piety under Vehumet
   501 | D        | Offered knowledge of Foxfire by Vehumet.
   587 | D        | Learned a level 3 spell: Mephitic Cloud
   592 | D        | Found a basalt altar of Yredelemnul.
   592 | D        | Found a shadowy altar of Dithmenos.
   592 | D        | Found a sacrificial altar of Ru.
   745 | D        | Noticed a shadow
   746 | D        | Reached ** piety under Vehumet
   746 | D        | Offered knowledge of Freeze by Vehumet.
   749 | D        | Killed a shadow
   749 | D        | Reached skill level 14 in Spellcasting
   749 | D        | Reached XP level 8. HP: 41/41 MP: 9/28
   845 | D        | Found a blossoming altar of Fedhas.
   845 | D        | Found a stormy altar of Qazlal.
   845 | D        | Found a snail-covered altar of Cheibriados.
   845 | D        | Found a burning altar of Makhleb.
   845 | D        | Found a shimmering altar of Xom.
   846 | D        | Found a hazy altar of Hepliaklqana.
   846 | D        | Found an opulent altar of Gozag.
   846 | D        | Found a sparkling altar of Nemelex Xobeh.
   846 | D        | Found a corrupted altar of Lugonu.
   846 | D        | Found a viscous altar of Jiyva.
   946 | D        | Offered knowledge of Inner Flame by Vehumet.
   948 | D        | Reached *** piety under Vehumet
   948 | D        | Reached skill level 15 in Spellcasting
  1102 | D        | Noticed a two-headed ogre
  1106 | D        | Killed a two-headed ogre
  1108 | D        | Noticed Erolcha
  1110 | D        | Noticed a two-headed ogre
  1112 | D        | Killed Erolcha
  1112 | D        | Reached skill level 16 in Spellcasting
  1112 | D        | Reached skill level 15 in Earth Magic
  1112 | D        | Reached XP level 9. HP: 45/45 MP: 24/31
  1114 | D        | Killed a two-headed ogre
  1114 | D        | Reached skill level 17 in Spellcasting
  1194 | D        | Offered knowledge of Olgreb's Toxic Radiance by Vehumet.
  1194 | D        | Reached **** piety under Vehumet
  1250 | D        | Noticed a wandering mushroom
  1254 | D        | Noticed a wandering mushroom
  1258 | D        | Killed a wandering mushroom
  1259 | D        | Noticed a wandering mushroom
  1264 | D        | Killed a wandering mushroom
  1264 | D        | Reached skill level 18 in Spellcasting
  1312 | D        | Killed a wandering mushroom
  1312 | D        | Reached skill level 1 in Conjurations
  1373 | D        | Noticed a cane toad
  1373 | D        | Noticed a komodo dragon
  1373 | D        | Noticed a cane toad
  1378 | D        | Killed a cane toad
  1378 | D        | Offered knowledge of Bolt of Magma by Vehumet.
  1378 | D        | Reached ***** piety under Vehumet
  1378 | D        | Reached XP level 10. HP: 39/50 MP: 21/34
  1378 | D        | Killed a cane toad
  1389 | D        | Reached skill level 19 in Spellcasting
  1541 | D        | Offered knowledge of Hailstorm by Vehumet.
  1687 | D        | Noticed a lindwurm
  1690 | D        | Reached skill level 20 in Spellcasting
  1690 | D        | Killed a lindwurm
  1836 | D        | Noticed Urug
  1838 | D        | Killed Urug
  1838 | D        | Offered knowledge of Iskenderun's Battlesphere by Vehumet.
  1904 | D        | Reached skill level 21 in Spellcasting
  2163 | D        | Noticed an orc high priest
  2164 | D        | Noticed an orc knight
  2169 | D        | Killed an orc high priest
  2169 | D        | Reached ****** piety under Vehumet
  2169 | D        | Reached XP level 11. HP: 55/55 MP: 21/38
  2170 | D        | Noticed an orc sorcerer
  2171 | D        | Offered knowledge of Fireball by Vehumet.
  2175 | D        | Killed an orc sorcerer
  2176 | D        | Killed an orc knight
  2176 | D        | Reached skill level 1 in Evocations
  2299 | D        | Found Rikkyt's Armour Shoppe.
  2393 | D        | Learned a level 5 spell: Fireball
  2413 | D        | Noticed a deep elf mage
  2413 | D        | Noticed a deep elf mage
  2413 | D        | Noticed a deep elf mage
  2413 | D        | Noticed a deep elf mage
  2413 | D        | Noticed a deep elf knight
  2419 | D        | Killed a deep elf mage
  2419 | D        | Offered knowledge of Starburst by Vehumet.
  2419 | D        | Reached skill level 1 in Fighting
  2419 | D        | Reached skill level 22 in Spellcasting
  2420 | D        | Killed a deep elf mage
  2421 | D        | Killed a deep elf knight
  2421 | D        | Killed a deep elf mage
  2433 | D        | Killed a deep elf mage
  2479 | D        | Identified the ring of the Dripping Scavenger {EV+4 Slay+2}
  2479 | D        | Noticed a deep elf annihilator
  2481 | D        | Identified the ring "Imavi" {Int+3 SInv}
  2481 | D        | Noticed a deep elf high priest
  2482 | D        | Noticed a deep elf high priest
  2483 | D        | Noticed a deep elf demonologist
  2486 | D        | HP: 1/56 [deep elf high priest/damnation (34)]
  2780 | D        | Noticed a deep elf annihilator
  2784 | D        | Killed a deep elf annihilator
  2784 | D        | Reached skill level 23 in Spellcasting
  3037 | D        | Noticed a deep elf mage
  3040 | D        | Killed a deep elf mage
  3047 | D        | Killed a deep elf annihilator
  3050 | D        | Killed a deep elf high priest
  3050 | D        | Reached skill level 1 in Air Magic
  3203 | D        | Killed a deep elf high priest
  3203 | D        | Offered knowledge of Iron Shot by Vehumet.
  3365 | D        | Noticed a deep elf master archer
  3366 | D        | Killed a deep elf demonologist
  3366 | D        | Reached skill level 24 in Spellcasting
  3366 | D        | Reached XP level 12. HP: 58/61 MP: 35/42
  3608 | D        | Learned a level 6 spell: Iron Shot
  3650 | D        | Noticed Duvessa
  3652 | D        | Noticed Dowan
  3654 | D        | Killed Dowan
  3658 | D        | Killed Duvessa
  4034 | D        | Offered knowledge of Orb of Destruction by Vehumet.
  4038 | D        | Reached skill level 25 in Spellcasting
  4345 | D        | Found Adirosh's Antique Armour Shop.
  4345 | D        | Found Nyroniug's General Store.
  4345 | D        | Found Genaegav's Distillery.
  4345 | D        | Found Rubuymeg's Book Boutique.
  4345 | D        | Found Rehyunod's Antique Armour Shop.
  4345 | D        | Found Amyub's Gadget Boutique.
  4345 | D        | Found Rojonergh's Jewellery Shoppe.
  4345 | D        | Found Ciurebig's Antique Armour Emporium.
  4345 | D        | Found Pivveukhy's Magic Scroll Shop.
  4345 | D        | Found Ungyosk's Antique Weapon Boutique.
  4345 | D        | Found Qyck's Magic Scroll Emporium.
  4381 | D        | Bought a pair of glowing boots for 172 gold pieces
  4410 | D        | Bought a glowing robe for 85 gold pieces
  4416 | D        | Bought the +1 pair of gloves "Cump" {Regen+} for 214 gold
                  | pieces
  4416 | D        | Bought 3 scrolls of fog for 78 gold pieces
  4416 | D        | Bought an uncursed ring of wizardry for 390 gold pieces
  4430 | D        | Bought a tin of tremorstones (3/3) for 440 gold pieces
  4435 | D        | Bought a scroll of identify for 20 gold pieces
  4435 | D        | Bought a scroll of identify for 20 gold pieces
  4441 | D        | Bought a potion of heal wounds for 55 gold pieces
  4482 | D        | Noticed a yaktaur captain
  4530 | D        | Noticed Rupert
  4533 | D        | Killed Rupert
  4587 | D        | Noticed a death yak
  4588 | D        | Noticed a death yak
  4591 | D        | Noticed a death yak
  4592 | D        | Killed a death yak
  4593 | D        | Killed a death yak
  4593 | D        | Reached skill level 26 in Spellcasting
  4593 | D        | Noticed a death yak
  4594 | D        | Offered knowledge of Conjure Ball Lightning by Vehumet.
  4594 | D        | Killed a death yak
  4604 | D        | Killed a death yak
  4692 | D        | Noticed an azure jelly
  4692 | D        | Noticed an azure jelly
  4726 | D        | Noticed an anaconda
  4728 | D        | Killed an anaconda
  4728 | D        | Reached XP level 13. HP: 65/65 MP: 36/45
  4737 | D        | Offered knowledge of Lehudib's Crystal Spear by Vehumet.
  4737 | D        | Offered knowledge of Fire Storm by Vehumet.
  4737 | D        | Offered knowledge of Tornado by Vehumet.
  4913 | D        | Reached skill level 27 in Spellcasting
  4984 | D        | Noticed a nagaraja
  4990 | D        | Killed a nagaraja
  5076 | D        | Found Saf Zuco's Antique Weapon Boutique.
  5076 | D        | Found Caduud's Magic Scroll Emporium.
  5078 | D        | Found Tiohousk's Jewellery Shop.
  5086 | D        | Bought a scroll of magic mapping for 49 gold pieces
  5103 | D        | Learned a level 8 spell: Lehudib's Crystal Spear
  5113 | D        | Learned a level 9 spell: Fire Storm
  5127 | D        | Got a serpentine rune of Zot
  5221 | D        | Noticed an azure jelly
  5221 | D        | Noticed an azure jelly
  5222 | D        | Noticed a dire elephant
  5222 | D        | Noticed a dire elephant
  5222 | D        | Noticed Gastronok
  5230 | D        | Killed from afar by Gastronok

Illustrated notes

Levels and vault maps discovered:
D:        dungeon_sprint_mu [sprint_mu_entry_cave, sprint_mu_temple_rooms,
          sprint_mu_d1_spiders, sprint_mu_d2_genie, sprint_mu_d3_branching,
          sprint_mu_orc_legion, sprint_mu_elf_gauntlet, sprint_mu_hive_nellie,
          sprint_mu_lair_fedhas, sprint_mu_vaults_butterflies,
          sprint_mu_slime_circle, sprint_mu_swamp_cave, sprint_mu_snake_twists,
          sprint_mu_blade_basic, sprint_mu_crypt_fortress,
          sprint_mu_tomb_spiral, sprint_mu_vestibule_basic,
          sprint_mu_gehenna_hellfire, sprint_mu_dis_giant,
          sprint_mu_tartarus_statrot, sprint_mu_cocytus_islands, sprint_mu_zot1]

Skill      XL: |  1  2  3  4  5  6  7  8  9 10 11 12 13 |
---------------+----------------------------------------+-----
Earth Magic    | 5 6 7 8 11 13 15 17 18 21 23 24 | 24.3
Dodging        | 3 4 6 |  6.8
Stealth        | 3 4 5 |  5.6
Spellcasting   | 4 5 7 8 12 14 16 18 21 24 26 27 | 27.0
Conjurations   | 1 4 |  4.9
Transmutations | 2 |  2.4
Evocations     | 3 |  3.5
Fighting       | 1 |  1.3
Air Magic      | 1 |  1.2
Poison Magic   | |  0.8

Action                   |  1- 3 |  4- 6 |  7- 9 | 10-12 | 13-15 || total
-------------------------+-------+-------+-------+-------+-------++-------
Melee: Unarmed           |       |       |       |     1 |       ||     1
 Cast: Sandblast         |    16 |     7 |     1 |     3 |       ||    27
       Lee's Rapid Decon |       |     3 |    29 |    89 |    31 ||   152
       Stone Arrow       |       |       |    11 |    12 |       ||    23
       Petrify           |       |       |     1 |     2 |       ||     3
       Mephitic Cloud    |       |       |       |     3 |       ||     3
       Fireball          |       |       |       |     3 |       ||     3
Evoke: Lightning rod     |       |       |       |    11 |       ||    11
  Use: Potion            |       |     2 |     1 |     3 |       ||     6
       Scroll            |       |       |       |     3 |       ||     3
Armor: Robe              |       |       |       |     2 |       ||     2
Dodge: Dodged            |     5 |     3 |     4 |    13 |     4 ||    29

Table legend: (Time is in decaauts)
 A = Elapsed time spent in this place.
 B = Non-inter-level travel time spent in this place.
 C = Inter-level travel time spent in this place.
 D = Time resting spent in this place.
 E = Time spent auto-exploring this place.
 F = Levels seen in this place.
 G = Mean time per level.
                   A        B        C        D        E       F      G
               +--------+--------+--------+--------+--------+-----+--------+
         Total |   5252 |   5252 |      0 |   3711 |    191 |   1 | 5252.0 |
       Dungeon |   5252 |   5252 |      0 |   3711 |    191 |   1 | 5252.0 |
               +--------+--------+--------+--------+--------+-----+--------+

Top non-repeatable levels by time:
       D: 5252 daAuts
